[Event "Titled Tuesday Blitz January 10 Early 2023"]
[White "Parpiev, Isaak"]
[Black "Degtiarev, Evgeny"]
[WhiteFideId "34281576"]
[BlackFideId "4149610"]
[WhiteElo "2028"]
[BlackElo "2284"]
[Result "0-1"]
[Round "04"]
[TimeControl "180+1"]
[Date "2023.01.10"]
[WhiteClock "0:00:01"]
[BlackClock "0:00:05"]

1. d4 d5 2. c4 c6 3. Nc3 Nf6 4. Nf3 a6 5. c5 Bg4 6. e3 Nbd7 7. h3 Bxf3 8. Qxf3 e5 9. g4 h6 10. Bd2 b6 11. cxb6 Qxb6 12. Na4 Qa7 13. Rc1 Ne4 14. Ba5 exd4 15. Rxc6 Ne5 16. Qf5 Nxc6 17. Qxd5 Nxa5 18. Qxa5 Be7 19. Bg2 Rb8 20. O-O Nf6 21. Bc6+ Kf8 22. exd4 Qxd4 23. Nc3 g6 24. Rd1 Qb4 25. Qe5 Kg7 26. Nd5 Qd6 27. Qxd6 Bxd6 28. Nxf6 Kxf6 29. Rxd6+ Kg7 30. b3 Rhd8 31. Rxd8 Rxd8 32. Bb7 a5 33. Ba6 Rd2 34. a4 Kf6 35. Bc4 Ke7 36. Kg2 f6 37. Kg3 Kd6 38. f4 Kc5 39. h4 Kd4 40. g5 hxg5 41. fxg5 fxg5 42. hxg5 Ke5 43. Kg4 Rd4+ 44. Kf3 Kf5 45. Ke3 Rd6 46. Bd3+ Kxg5 47. Be4 Kf6 48. Kf4 g5+ 49. Kf3 Rd4 50. Bc6 Rb4 51. Bd5 Ke5 52. Bc4 Kf5 53. Bd3+ Kf6 54. Bc4 Rb6 55. Kg4 Rd6 56. Bg8 Rd4+ 57. Kf3 g4+ 58. Kg3 Kg5 59. Bc4 Re4 60. Bd5 Re3+ 61. Kf2 Rc3 62. Bc4 Kf4 63. Bd5 g3+ 64. Ke2 Re3+ 65. Kd2 Re5 66. Ba8 Kg4 67. Kc3 Kh3 68. b4 axb4+ 69. Kxb4 Re8 70. Bd5 Rb8+ 71. Kc4 g2 72. Bxg2+ Kxg2 73. a5 Kf3 74. a6 Rb6 75. a7 Ra6 0-1


[Site "https://www.chess.com"]

[Event "Titled Tuesday Blitz January 10 Early 2023"]
[White "Florescu, Codrut-Constantin"]
[Black "Fernandez Siles, Luis"]
[WhiteFideId "1202200"]
[BlackFideId "2209420"]
[WhiteElo "2191"]
[BlackElo "2186"]
[Result "1-0"]
[Round "04"]
[TimeControl "180+1"]
[Date "2023.01.10"]
[WhiteClock "0:00:24"]
[BlackClock "0:00:02"]

1. d4 Nf6 2. c4 g6 3. Nc3 Bg7 4. e4 d6 5. f3 O-O 6. Bg5 c5 7. d5 e6 8. Qd2 h6 9. Be3 exd5 10. cxd5 a6 11. a4 Re8 12. a5 Nbd7 13. Nh3 Ne5 14. Nf2 h5 15. Be2 Rb8 16. Na4 Bd7 17. Nb6 Bb5 18. Bxb5 axb5 19. O-O h4 20. b4 Nfd7 21. Nxd7 Nxd7 22. Rac1 Bf6 23. Qe2 c4 24. Ng4 Bg5 25. Qd2 f6 26. f4 Rxe4 27. fxg5 Rxg4 28. gxf6 Nxf6 29. Bg5 Ne4 30. Bxd8 Nxd2 31. Bc7 Rc8 32. Bxd6 Nxf1 33. Kxf1 Rd8 34. h3 Rg5 35. Be7 Rf5+ 36. Kg1 Rdxd5 37. Bxh4 Rd2 38. Be1 Re2 39. Bg3 Rd5 40. Be1 Rd3 41. Kf1 Ra2 42. Bc3 Ra3 43. Be5 c3 44. Ke2 Rd2+ 45. Ke3 Rxg2 46. Kd4 1-0


[Site "https://www.chess.com"]

[Event "Titled Tuesday Blitz January 10 Early 2023"]
[White "Ovezdurdyyeva, Jemal"]
[Black "Becerra, Juan David"]
[WhiteFideId "14001888"]
[BlackFideId "4404998"]
[WhiteElo "2043"]
[BlackElo "2282"]
[Result "1-0"]
[Round "04"]
[TimeControl "180+1"]
[Date "2023.01.10"]
[WhiteClock "0:00:14"]
[BlackClock "0:00:07"]

1. e4 c5 2. Nf3 d6 3. d4 cxd4 4. Nxd4 Nf6 5. Nc3 a6 6. Bc4 e6 7. a4 Be7 8. O-O O-O 9. Qe2 Nc6 10. Be3 Qc7 11. Kh1 b6 12. f4 Bb7 13. f5 Nxd4 14. Bxd4 e5 15. Bf2 Bc6 16. Bb3 Qb7 17. Rae1 b5 18. axb5 axb5 19. Qd3 b4 20. Nd5 Bxd5 21. Bxd5 Nxd5 22. exd5 Rfc8 23. Be3 Qa6 24. Qe4 Qc4 25. Qf3 Qxc2 26. Qg3 Qxb2 27. f6 Bf8 28. fxg7 Bxg7 29. Bh6 e4 30. Rxe4 Ra3 31. Qg4 Rf8 32. Rxb4 Ra1 33. Rf4 Rxf1+ 34. Rxf1 Kh8 35. Bf4 Be5 36. Bh6 f5 37. Qh5 Rg8 38. Qh3 Rg6 39. Be3 Qc2 40. Qf3 Rf6 41. g3 Qe4 42. Bg5 Qxf3+ 43. Rxf3 Rf7 44. Kg2 Kg7 45. Rb3 Kg6 46. Bf4 Rc7 47. Rb6 Kf7 48. Kf3 Rc3+ 49. Kg2 Rc2+ 50. Kf3 Rc3+ 51. Kg2 Bxf4 52. gxf4 Rd3 53. Rxd6 Rd4 54. Kg3 Rd3+ 55. Kh4 Rd2 56. h3 Rg2 57. Rd7+ Kg6 58. Rd8 Rg1 59. Rg8+ 1-0


[Site "https://www.chess.com"]

[Event "Titled Tuesday Blitz January 10 Early 2023"]
[White "Boraso, Alessio"]
[Black "Krienke, Makaio"]
[WhiteFideId "848077"]
[BlackFideId "2038854"]
[WhiteElo "2286"]
[BlackElo "2501"]
[Result "1/2-1/2"]
[Round "04"]
[TimeControl "180+1"]
[Date "2023.01.10"]
[WhiteClock "0:00:01"]
[BlackClock "0:00:09"]

1. e4 e5 2. Nf3 Nc6 3. Bc4 Nf6 4. d3 Bc5 5. c3 Bb6 6. Bb3 d6 7. h3 h6 8. Nbd2 O-O 9. Nf1 Be6 10. g4 d5 11. Qe2 dxe4 12. dxe4 Bxb3 13. axb3 Qd6 14. Ng3 Rad8 15. Nf5 Qd3 16. Ng3 Qxe2+ 17. Kxe2 Nd7 18. Be3 Bxe3 19. Kxe3 Nc5 20. b4 Nd3 21. Rab1 f6 22. Ne2 Rd6 23. Rhd1 Rfd8 24. Rd2 Kf7 25. b3 a5 26. b5 Ne7 27. Rbd1 Nc5 28. Rxd6 Rxd6 29. Rxd6 cxd6 30. Nd2 Nc8 31. Ng3 g6 32. h4 Nb6 33. h5 Ne6 34. Ndf1 d5 35. exd5 Nxd5+ 36. Kd3 b6 37. Kc4 Ndf4 38. Ne3 Nc5 39. Nd5 Nd7 40. hxg6+ Kxg6 41. Nxf4+ exf4 42. Nf5 Kg5 43. Nd6 Kxg4 44. Kd5 h5 45. Kc6 Nc5 46. b4 a4 47. bxc5 a3 48. Kxb6 a2 49. c6 a1=Q 50. c7 Qxc3 51. c8=Q+ Qxc8 52. Nxc8 h4 53. Kc7 h3 54. b6 h2 55. b7 h1=Q 56. b8=Q Qc1+ 57. Kd7 Qd2+ 58. Nd6 Qxf2 59. Qg8+ Kf3 60. Qd5+ Ke2 61. Qc4+ Ke1 62. Qc1+ Ke2 63. Qc4+ Kf3 64. Qe4+ Kg3 65. Qg6+ Kh2 66. Qh5+ Kg2 67. Qg4+ Qg3 68. Qe6 f3 69. Ne4 Qh3 70. Qxh3+ Kxh3 71. Ke6 f5 72. Kxf5 f2 73. Nxf2+ 1/2-1/2


[Site "https://www.chess.com"]

[Event "Titled Tuesday Blitz January 10 Early 2023"]
[White "Vifleemskaia, Svetlana"]
[Black "Flores Quillas, Diego Saul Rodri"]
[WhiteFideId "4129490"]
[BlackFideId "3822508"]
[WhiteElo "1930"]
[BlackElo "2224"]
[Result "1/2-1/2"]
[Round "04"]
[TimeControl "180+1"]
[Date "2023.01.10"]
[WhiteClock "0:00:31"]
[BlackClock "0:00:26"]

1. d4 Nf6 2. c4 c5 3. d5 e6 4. Nc3 exd5 5. cxd5 d6 6. e4 g6 7. Nf3 Bg7 8. Be2 a6 9. a4 Bg4 10. Nd2 Bxe2 11. Qxe2 O-O 12. O-O Nbd7 13. Nc4 Nb6 14. h3 Nxc4 15. Qxc4 Nd7 16. Bf4 Qc7 17. b4 Ne5 18. Bxe5 Bxe5 19. bxc5 Qxc5 20. Qxc5 dxc5 21. Rfc1 b6 22. Rab1 Rab8 23. g3 f5 24. f4 Bxc3 25. Rxc3 fxe4 26. Kf2 Rfd8 27. d6 Rxd6 28. Rxc5 Rbd8 29. Rc3 Kg7 30. Re3 Re8 31. Rb4 Rd2+ 32. Re2 Rxe2+ 33. Kxe2 Re6 34. Ke3 Kf6 35. g4 Ke7 36. Rd4 b5 37. axb5 axb5 38. Rb4 Rb6 39. Kxe4 Kd6 40. Kd4 Kc6 41. f5 gxf5 42. gxf5 Kd6 43. f6 Ke6 44. Kc5 Rb8 45. Rxb5 Rxb5+ 46. Kxb5 Kxf6 47. Kc4 Kg5 48. Kd3 Kh4 49. Ke2 Kxh3 50. Kf1 Kh2 51. Kf2 h5 1/2-1/2


[Site "https://www.chess.com"]

[Event "Titled Tuesday Blitz January 10 Early 2023"]
[White "Kalajzic, Ivan"]
[Black "Lehtosaari, Mauri"]
[WhiteFideId "14506378"]
[BlackFideId "501999"]
[WhiteElo "2203"]
[BlackElo "2496"]
[Result "1-0"]
[Round "04"]
[TimeControl "180+1"]
[Date "2023.01.10"]
[WhiteClock "0:00:36"]
[BlackClock "0:00:18"]

1. b3 d5 2. Bb2 Nf6 3. e3 Bg4 4. Be2 Bxe2 5. Qxe2 c6 6. f4 g6 7. Nf3 Bg7 8. O-O O-O 9. Ne5 Nbd7 10. Nxd7 Qxd7 11. Be5 a5 12. a4 Ne4 13. Bxg7 Kxg7 14. d3 Nf6 15. Nd2 Rae8 16. Nf3 Qd6 17. Ne5 Nd7 18. d4 Nf6 19. f5 Ne4 20. Qg4 f6 21. Nxg6 Rg8 22. Nxe7+ Kh8 23. Nxg8 Rxg8 24. Qh4 Qe7 25. Rf4 Ng5 26. Re1 b5 27. Kh1 bxa4 28. bxa4 Rb8 29. Qh6 Nf7 30. Qh5 Ng5 31. h4 Ne4 32. Kh2 Rg8 33. Rg4 Rf8 34. Qh6 Qc7+ 35. g3 Qf7 36. Rf1 Nd2 37. Rff4 Ne4 38. Rxe4 dxe4 39. Rxe4 Rg8 40. Re6 Rf8 41. g4 c5 42. dxc5 Qc7+ 43. Kh3 Qf7 44. c6 Kg8 45. g5 fxg5 46. Qxg5+ Kh8 47. Re7 Qxf5+ 48. Qxf5 Rxf5 49. c7 Rc5 50. Re8+ Kg7 51. c8=Q Rxc8 52. Rxc8 Kh6 53. Rc5 Kg6 54. Rxa5 h6 55. Rd5 Kf6 56. a5 Ke6 57. e4 h5 58. a6 1-0


[Site "https://www.chess.com"]

[Event "Titled Tuesday Blitz January 10 Early 2023"]
[White "Levitan, Caleb Levi"]
[Black "Nguyen Hong Nhung"]
[WhiteFideId "14332620"]
[BlackFideId "12412201"]
[WhiteElo "1963"]
[BlackElo "1904"]
[Result "0-1"]
[Round "04"]
[TimeControl "180+1"]
[Date "2023.01.10"]
[WhiteClock "0:00:03"]
[BlackClock "0:00:02"]

1. e4 c5 2. Nf3 e6 3. d4 cxd4 4. Nxd4 Nc6 5. Nc3 Qc7 6. Nxc6 bxc6 7. Bd3 d5 8. O-O Nf6 9. f4 Bc5+ 10. Kh1 O-O 11. Qf3 Rd8 12. Bd2 a5 13. Rae1 Ba6 14. f5 e5 15. Bg5 d4 16. Bxf6 gxf6 17. Ne2 Bxd3 18. cxd3 Kf8 19. Ng3 Ke7 20. Rc1 Qb6 21. Rf2 a4 22. Rfc2 Ra5 23. Nh5 Rb5 24. Qg3 Rxb2 25. Nxf6 Rxc2 26. Qxe5+ Kf8 27. Nxh7+ Kg8 28. Nf6+ Kg7 29. Nd7+ Kg8 30. Nf6+ Kg7 31. Nh5+ Kf8 32. Qg7+ Ke7 33. f6+ Kd6 34. Qg3+ Kd7 35. Qg4+ Kc7 36. Qf4+ Bd6 37. Qg5 Rxc1+ 38. Qxc1 Qc5 39. Qd2 Qc3 40. Qd1 Rb8 41. Nf4 Bxf4 42. e5 Qc1 43. e6 Qxd1# 0-1


[Site "https://www.chess.com"]

[Event "Titled Tuesday Blitz January 10 Early 2023"]
[White "Ankerst, Mihael"]
[Black "Gheorghiu, Calin"]
[WhiteFideId "14602369"]
[BlackFideId "1200305"]
[WhiteElo "2307"]
[BlackElo "2223"]
[Result "0-1"]
[Round "04"]
[TimeControl "180+1"]
[Date "2023.01.10"]
[WhiteClock "0:00:37"]
[BlackClock "0:00:03"]

1. e4 b6 2. d4 Bb7 3. Bd3 g6 4. Qe2 Bg7 5. Be3 e6 6. Nc3 Ne7 7. f4 d5 8. e5 Nd7 9. Nd1 c5 10. c3 f6 11. Nf3 O-O 12. O-O Rc8 13. Nf2 f5 14. g4 Nb8 15. h4 Nbc6 16. h5 cxd4 17. cxd4 Nb4 18. Ng5 Qd7 19. hxg6 Nxg6 20. gxf5 exf5 21. Qh5 h6 22. Qxg6 hxg5 23. fxg5 Nxd3 24. Nxd3 Ba6 25. Rad1 Rc2 26. Nb4 Bxf1 27. Nxc2 Be2 28. Rc1 f4 29. e6 Qd6 30. Bf2 Bg4 31. Re1 Bf5 32. Qh5 Bxc2 33. g6 Re8 34. Qg4 Be4 35. Bh4 Qxe6 36. Qxf4 Qxg6+ 37. Qg5 Qxg5+ 38. Bxg5 Bxd4+ 39. Kh2 Be5+ 0-1


[Site "https://www.chess.com"]

[Event "Titled Tuesday Blitz January 10 Early 2023"]
[White "Shuvalov, Evgenij"]
[Black "Ruiz Aguilar, Pablo Alexander"]
[WhiteFideId "4187237"]
[BlackFideId "4401352"]
[WhiteElo "2080"]
[BlackElo "2138"]
[Result "1-0"]
[Round "04"]
[TimeControl "180+1"]
[Date "2023.01.10"]
[WhiteClock "0:00:20"]
[BlackClock "0:00:18"]

1. d4 d5 2. c4 c6 3. Nf3 Nf6 4. Nc3 e6 5. cxd5 exd5 6. Bg5 Be7 7. e3 Nbd7 8. Bd3 O-O 9. O-O Re8 10. Qc2 Nf8 11. Ne5 Ng4 12. Bf4 Nxe5 13. Bxe5 Bd6 14. Bxd6 Qxd6 15. Rab1 a5 16. a3 g6 17. b4 axb4 18. axb4 Ne6 19. b5 c5 20. dxc5 Nxc5 21. Rbd1 Ra3 22. Bc4 Qe5 23. Nxd5 Be6 24. Be2 Ne4 25. Qxe4 Qxe4 26. Nf6+ Kg7 27. Nxe4 Bb3 28. Rd4 Ra2 29. Bf3 b6 30. Rc1 Re5 31. Nd6 Rc5 32. Re1 Rcc2 33. Rf1 Ba4 34. Bd1 Rd2 35. Rxa4 Rxd1 36. Rxa2 Rxd6 37. g3 Rd5 38. Rb2 h5 39. Rc1 h4 40. gxh4 Re5 41. Rc6 Re4 42. Rxb6 Rxh4 43. Rc6 Rg4+ 44. Kf1 Re4 45. b6 Re8 46. b7 Rb8 47. Rc8 Rxb7 48. Rxb7 Kf6 49. Rcc7 Ke5 50. Rxf7 g5 51. Rb5+ Ke4 52. Rxg5 Kd3 53. Rd5+ Kc4 54. Rd8 Kc5 55. Rc7+ Kb6 56. Rc1 Kb7 57. Rd2 Kb6 58. Rb2+ Ka5 59. Ra1# 1-0


[Site "https://www.chess.com"]

[Event "Titled Tuesday Blitz January 10 Early 2023"]
[White "Ansh M Shah"]
[Black "Grot, Blazej"]
[WhiteFideId "25033379"]
[BlackFideId "21835845"]
[WhiteElo "2084"]
[BlackElo "1823"]
[Result "1-0"]
[Round "04"]
[TimeControl "180+1"]
[Date "2023.01.10"]
[WhiteClock "0:00:09"]
[BlackClock "0:00:45"]

1. d4 Nf6 2. c4 e6 3. g3 d5 4. Bg2 Be7 5. Nf3 O-O 6. O-O c6 7. Nbd2 b6 8. Qc2 Bb7 9. e4 Na6 10. e5 Ne8 11. cxd5 Nb4 12. Qb3 Nxd5 13. Ne4 h6 14. h4 Rc8 15. Nc3 c5 16. Rd1 Nec7 17. Bd2 Nxc3 18. Bxc3 Nd5 19. Rac1 Qc7 20. dxc5 Bxc5 21. Bd4 Qb8 22. Bxc5 Rxc5 23. Rxc5 bxc5 24. Nd2 Nb6 25. Bxb7 Qxb7 26. Nc4 Qe4 27. Nxb6 axb6 28. Qxb6 Qxe5 29. Qb3 Rb8 30. Qc2 g6 31. b3 h5 32. Rc1 Rd8 33. a4 Rb8 34. Qxc5 Qxc5 35. Rxc5 Rxb3 36. a5 Ra3 37. Rb5 Kg7 38. Kf1 Kf6 39. Ke2 Ra2+ 40. Ke3 Kg7 41. Kf3 Kf6 42. Ke3 Kg7 43. Kd4 Rxf2 44. Kc5 e5 45. a6 Ra2 46. Kb6 e4 47. a7 e3 48. Ra5 Rxa5 49. Kxa5 e2 50. a8=Q e1=Q+ 51. Kb5 Qxg3 52. Qa1+ Kh7 53. Qf6 Qc7 54. Kb4 Qd7 55. Kc3 Qe6 56. Qf4 Kg7 57. Kd2 Qf6 58. Qc4 Qb2+ 59. Ke3 Qe5+ 60. Kf3 f5 61. Kf2 Qh2+ 62. Kf1 Qh1+ 63. Kf2 Qh2+ 64. Kf1 Qd6 65. Qc3+ Kh6 66. Qh8# 1-0


[Site "https://www.chess.com"]

[Event "Titled Tuesday Blitz January 10 Early 2023"]
[White "Pein, Jonathan"]
[Black "De Souza, Cristiano Gomes"]
[WhiteFideId "417092"]
[BlackFideId "2151758"]
[WhiteElo "2151"]
[BlackElo "2068"]
[Result "1-0"]
[Round "04"]
[TimeControl "180+1"]
[Date "2023.01.10"]
[WhiteClock "0:00:20"]
[BlackClock "0:00:19"]

1. d4 Nf6 2. c4 g6 3. Nc3 Bg7 4. e3 O-O 5. Nf3 d5 6. b3 c6 7. Bd3 Nbd7 8. O-O e5 9. dxe5 Ng4 10. cxd5 Ndxe5 11. Nxe5 Bxe5 12. h3 Nh2 13. Bb2 Nxf1 14. Bxf1 cxd5 15. Rc1 Be6 16. Ba3 Re8 17. Nb5 a6 18. Nd4 Rc8 19. Nxe6 fxe6 20. Rc2 Rxc2 21. Qxc2 Qa5 22. Bc1 Qc3 23. Qxc3 Bxc3 24. Bd3 Kf7 25. Kf1 e5 26. Ke2 Ke6 27. f3 Rc8 28. e4 d4 29. Bc4+ Kf6 30. h4 Kg7 31. f4 Re8 32. Kd3 b5 33. Bd5 h6 34. fxe5 Rxe5 35. Bf4 Re7 36. e5 g5 37. hxg5 hxg5 38. Bg3 Kg6 39. Be4+ Kh5 40. Bf5 a5 41. e6 a4 42. Bd6 Re8 43. e7 axb3 44. axb3 Kh4 45. g3+ Kh5 46. Bd7 Ra8 47. e8=Q+ Rxe8 48. Bxe8+ Kg4 49. Bd7+ Kf3 50. Bxb5 Be1 51. Bc6+ Kg4 52. Kxd4 Bxg3 53. Bxg3 Kxg3 54. b4 Kf4 55. b5 g4 56. b6 1-0


[Site "https://www.chess.com"]

[Event "Titled Tuesday Blitz January 10 Early 2023"]
[White "Carbone, Diego"]
[Black "Bobomurodova, Maftuna"]
[WhiteFideId "3002179"]
[BlackFideId "14207400"]
[WhiteElo "2266"]
[BlackElo "1891"]
[Result "1-0"]
[Round "04"]
[TimeControl "180+1"]
[Date "2023.01.10"]
[WhiteClock "0:00:16"]
[BlackClock "0:00:53"]

1. d4 d5 2. c4 dxc4 3. e4 e5 4. Nf3 exd4 5. Bxc4 Bb4+ 6. Nbd2 Nc6 7. O-O Nf6 8. e5 Nd5 9. Nb3 Nb6 10. Bb5 O-O 11. Bxc6 bxc6 12. Bg5 Qd5 13. Qxd4 Be6 14. Qxb4 a5 15. Qd4 a4 16. Qxd5 Nxd5 17. Nc5 Bf5 18. Nd4 Bg6 19. Nxc6 a3 20. bxa3 Rxa3 21. Rfd1 Nb6 22. Ne7+ Kh8 23. Nxg6+ hxg6 24. Nd7 Re8 25. Nxb6 cxb6 26. Bf4 g5 27. Bg3 Rea8 28. Rd2 Rc3 29. Rb2 Rac8 30. h3 R8c6 31. Rab1 Ra3 32. Rxb6 Rxb6 33. Rxb6 Rxa2 34. e6 fxe6 35. Rxe6 Kh7 36. Re7 Ra1+ 37. Kh2 Kg6 38. Be5 Ra2 39. Rxg7+ Kf5 40. Bg3 Kf6 41. Rb7 Kf5 42. Rb5+ Kg6 43. h4 gxh4 44. Bxh4 Rc2 45. Kg3 Ra2 46. f3 Ra4 47. Bg5 Kh5 48. Be3+ Kg6 49. Bf4 Rc4 50. Kg4 Rc2 51. g3 Rc4 52. Rb6+ Kg7 53. Kf5 Rc5+ 54. Be5+ Kf7 55. Rb7+ Kg8 56. f4 Rc6 57. g4 Rc4 58. g5 Rc6 59. g6 Rc8 60. Rg7+ Kf8 61. Rf7+ Kg8 62. Re7 Rf8+ 63. Bf6 Rc8 64. Rg7+ Kf8 65. Rh7 Rc5+ 66. Be5 Ke8 67. Rh8+ Ke7 68. g7 1-0


[Site "https://www.chess.com"]

[Event "Titled Tuesday Blitz January 10 Early 2023"]
[White "Buchenau, Frank"]
[Black "Lakshmi C"]
[WhiteFideId "4604350"]
[BlackFideId "25035347"]
[WhiteElo "2157"]
[BlackElo "1942"]
[Result "1-0"]
[Round "04"]
[TimeControl "180+1"]
[Date "2023.01.10"]
[WhiteClock "0:00:16"]
[BlackClock "0:00:04"]

1. e4 c5 2. Nf3 Nc6 3. Bb5 g6 4. Bxc6 dxc6 5. d3 Bg7 6. O-O Nf6 7. a4 Nd7 8. Nc3 e5 9. Be3 Qe7 10. a5 Nf8 11. Na4 Ne6 12. Nd2 Rb8 13. Nb3 b6 14. axb6 axb6 15. Qd2 h6 16. g3 g5 17. c3 O-O 18. f4 gxf4 19. gxf4 exf4 20. Bxf4 Nxf4 21. Qxf4 Rb7 22. Kh1 Be6 23. Nd2 b5 24. Rg1 bxa4 25. Qxh6 f6 26. Rxg7+ Qxg7 27. Rg1 Qxg1+ 28. Kxg1 Rg7+ 29. Kf2 Rb8 30. Ke3 Kf7 31. Qh5+ Rg6 32. Nf3 Rb5 33. Nh4 Rxb2 34. Qxg6+ Ke7 35. Qg7+ Kd6 36. Qxf6 a3 37. Nf5+ Kc7 38. c4 Rb3 39. Qxe6 a2 40. Qe5+ Kb6 41. Qa1 Ra3 42. h4 Ka5 43. h5 Kb4 44. h6 Kb3 45. h7 Kc2 46. h8=Q Rxd3+ 47. Kf4 Ra3 48. Qhb2+ 1-0


[Site "https://www.chess.com"]

[Event "Titled Tuesday Blitz January 10 Early 2023"]
[White "Guo, Josh"]
[Black "Vagman, Roy"]
[WhiteFideId "2682427"]
[BlackFideId "2828995"]
[WhiteElo "2282"]
[BlackElo "2174"]
[Result "1-0"]
[Round "04"]
[TimeControl "180+1"]
[Date "2023.01.10"]
[WhiteClock "0:00:08"]
[BlackClock "0:00:02"]

1. e4 Nc6 2. Nf3 g6 3. d4 d6 4. d5 Nb8 5. Nc3 Bg7 6. Be3 Nf6 7. Qd2 O-O 8. Bh6 Bh8 9. Bxf8 Qxf8 10. h3 Bg7 11. Bc4 a6 12. a4 Nbd7 13. O-O Nc5 14. Rfe1 Nh5 15. b4 Nd7 16. Rad1 Ne5 17. Be2 Nxf3+ 18. Bxf3 Nf6 19. a5 Nd7 20. Bg4 Ne5 21. Bxc8 Rxc8 22. Ne2 c5 23. c3 Nc4 24. Qa2 cxb4 25. cxb4 Nb2 26. Rd2 Nc4 27. Rc2 Ne5 28. Rec1 Rb8 29. Rc7 f5 30. Qc2 fxe4 31. Qxe4 Bf6 32. R1c2 b6 33. Nf4 bxa5 34. bxa5 Rb1+ 35. Kh2 Qh6 36. Ne6 Kf7 37. Nd8+ Kg8 38. Rc8 Qh5 39. Ne6+ Kf7 40. Rf8# 1-0


[Site "https://www.chess.com"]

[Event "Titled Tuesday Blitz January 10 Early 2023"]
[White "Ljukin, Sergei"]
[Black "Sovetbekova, Nurai"]
[WhiteFideId "14102200"]
[BlackFideId "13801910"]
[WhiteElo "2312"]
[BlackElo "1925"]
[Result "0-1"]
[Round "04"]
[TimeControl "180+1"]
[Date "2023.01.10"]
[WhiteClock "0:00:01"]
[BlackClock "0:00:22"]

1. e3 Nf6 2. d4 g6 3. c4 Bg7 4. Nc3 d5 5. f4 O-O 6. Nf3 c5 7. dxc5 Qa5 8. cxd5 Nxd5 9. Qxd5 Bxc3+ 10. Kf2 Rd8 11. Qc4 Bg7 12. b4 Qc7 13. Rb1 Be6 14. Qc2 Nc6 15. Bb5 Rac8 16. a3 Bf5 17. e4 Nd4 18. Nxd4 Bxd4+ 19. Kf3 Be6 20. Be3 Bxe3 21. Kxe3 a6 22. Be2 f5 23. Bf3 fxe4 24. Bxe4 Bd5 25. Rhd1 Bxe4 26. Qxe4 a5 27. Qe6+ Kg7 28. Qe5+ Qxe5+ 29. fxe5 Kf7 30. bxa5 Rxd1 31. Rxd1 Rxc5 32. Kd4 Rxa5 33. Rb1 Rxa3 34. Rb2 Ke6 35. Rb6+ Kf5 36. Rxb7 Ra4+ 37. Ke3 Re4+ 38. Kf3 Rxe5 39. Ra7 Kf6 40. h3 h5 41. Kg3 Rc5 42. Kf3 Rc3+ 43. Kf2 e6 44. Ra5 e5 45. Ke2 Kf5 46. Kf2 Rc2+ 47. Kf3 Rc3+ 48. Kf2 g5 49. Ra4 Rc2+ 50. Kf3 g4+ 51. hxg4+ hxg4+ 52. Kg3 Rc3+ 53. Kf2 g3+ 54. Ke2 e4 55. Ra8 Rc2+ 56. Ke3 Rxg2 57. Rf8+ Kg4 58. Kxe4 Rf2 59. Rh8 g2 60. Ke3 Rf1 0-1


[Site "https://www.chess.com"]

[Event "Titled Tuesday Blitz January 10 Early 2023"]
[White "Lauridsen, Jesper Morch"]
[Black "Valle Maytin, Luis Enrique"]
[WhiteFideId "1401890"]
[BlackFideId "3503666"]
[WhiteElo "2218"]
[BlackElo "2225"]
[Result "0-1"]
[Round "04"]
[TimeControl "180+1"]
[Date "2023.01.10"]
[WhiteClock "0:00:04"]
[BlackClock "0:00:08"]

1. e4 c6 2. d4 d5 3. exd5 cxd5 4. c4 Nf6 5. Nc3 Nc6 6. Nf3 Be6 7. c5 g6 8. Bb5 Bg7 9. O-O O-O 10. Bxc6 bxc6 11. Re1 Qc7 12. Ne5 Nd7 13. Bf4 Qc8 14. Nxd7 Qxd7 15. Qd2 Rfe8 16. Bh6 Bh8 17. Qe2 Bxd4 18. Rad1 Bh8 19. Ne4 Bf5 20. Ng5 e5 21. h3 Qe7 22. g4 Bd7 23. b4 a5 24. a3 axb4 25. axb4 Reb8 26. Nf3 e4 27. Bg5 Bf6 28. Bxf6 Qxf6 29. Nd4 Rxb4 30. Qd2 Rab8 31. g5 Qe7 32. Qf4 Re8 33. h4 Qxc5 34. Ne2 e3 35. Qf3 exf2+ 36. Qxf2 Qxf2+ 37. Kxf2 Rxh4 38. Ng3 Rxe1 39. Rxe1 Be6 40. Kg2 Rg4 41. Kf3 Rxg5 42. Rc1 d4 43. Rb1 Bd5+ 44. Kf2 Kg7 45. Rb7 h5 46. Rd7 h4 47. Ne2 c5 48. Nf4 Rf5 49. Kg1 Rxf4 50. Rxd5 c4 51. Kh2 c3 52. Kh3 f6 53. Rd7+ Kh6 54. Rc7 g5 55. Rc8 Kg6 56. Rc7 Rf3+ 57. Kh2 Rd3 58. Rc8 Rd2+ 59. Kh3 Kf5 60. Rc5+ Kg6 61. Rc8 Rd3+ 62. Kh2 g4 63. Rc7 Rd2+ 64. Kg1 c2 65. Rc6 Rd1+ 66. Kf2 c1=Q 67. Rxf6+ Kg7 0-1


[Site "https://www.chess.com"]

[Event "Titled Tuesday Blitz January 10 Early 2023"]
[White "Kuchava, Ana"]
[Black "Estrada Nieto, Julian"]
[WhiteFideId "13605348"]
[BlackFideId "5101018"]
[WhiteElo "2001"]
[BlackElo "2176"]
[Result "0-1"]
[Round "04"]
[TimeControl "180+1"]
[Date "2023.01.10"]
[WhiteClock "0:00:03"]
[BlackClock "0:00:02"]

1. d4 d5 2. Nf3 Nf6 3. c4 dxc4 4. e3 e6 5. Bxc4 a6 6. a4 c5 7. O-O Nc6 8. Nc3 Be7 9. Qd3 O-O 10. Rd1 cxd4 11. exd4 Nb4 12. Qe2 Bd7 13. Ne5 Bc6 14. Bg5 Nfd5 15. Bd2 Rc8 16. Nxc6 Rxc6 17. Bb3 Bf6 18. Nxd5 Nxd5 19. Be3 Qb6 20. Bxd5 exd5 21. Rac1 Rfc8 22. Rc5 Qb3 23. a5 Rxc5 24. dxc5 d4 25. Bxd4 Rd8 26. Rd2 Qb5 27. Qxb5 axb5 28. Be3 Rxd2 29. Bxd2 Bxb2 30. Bb4 f6 31. Kf1 Kf7 32. Ke2 Ke6 33. Kd3 Kd5 34. f3 Bd4 35. h3 Bxc5 36. Bd2 b4 37. g4 Bd6 38. h4 Bg3 39. h5 Bd6 40. Be1 Kc5 41. Bf2+ Kb5 42. Bd4 Kxa5 43. h6 gxh6 44. Bxf6 Ka4 45. Kc2 b3+ 46. Kb1 Bf4 47. Bg7 Kb5 48. Kb2 Kc4 49. Bf8 Be3 50. Kb1 Kd3 51. Kb2 Kc4 52. Kb1 Bf4 53. Kb2 Be5+ 54. Kb1 Kd3 55. Bxh6 b2 56. f4 Bd4 57. f5 Ke4 58. Bg5 Kf3 59. f6 Bxf6 60. Bxf6 Kxg4 61. Kxb2 h5 62. Bd8 h4 63. Bc7 Kf3 64. Kb3 h3 65. Kb4 Kg2 66. Kb5 Kg1 67. Bf4 Kg2 68. Be5 h2 69. Bd6 h1=Q 0-1


[Site "https://www.chess.com"]

[Event "Titled Tuesday Blitz January 10 Early 2023"]
[White "Chernomordik, Pavel"]
[Black "Levine, David"]
[WhiteFideId "2804530"]
[BlackFideId "2011611"]
[WhiteElo "2193"]
[BlackElo "2153"]
[Result "1-0"]
[Round "04"]
[TimeControl "180+1"]
[Date "2023.01.10"]
[WhiteClock "0:00:10"]
[BlackClock "0:00:02"]

1. e4 e5 2. Nf3 Nc6 3. Bb5 a6 4. Ba4 Nf6 5. Qe2 b5 6. Bb3 Bc5 7. a4 Bb7 8. axb5 axb5 9. Rxa8 Qxa8 10. Qxb5 d6 11. O-O O-O 12. Qe2 Na5 13. d3 Nxb3 14. cxb3 Qa2 15. Bg5 Nd7 16. Qc2 Bb6 17. Nc3 Qa7 18. Na4 Nc5 19. Nd2 Ne6 20. Nxb6 Qxb6 21. Nc4 Qa6 22. Be3 f5 23. exf5 Rxf5 24. d4 e4 25. Qd2 Qb5 26. Qc3 h6 27. Ra1 Kh7 28. Ra5 Qc6 29. Rxf5 d5 30. Ne5 Qe8 31. h4 Ba6 32. Rf7 Qb5 33. Kh2 1-0


[Site "https://www.chess.com"]

[Event "Titled Tuesday Blitz January 10 Early 2023"]
[White "Kirillov, Dmitry"]
[Black "Larina, Maria"]
[WhiteFideId "34180572"]
[BlackFideId "24113182"]
[WhiteElo "2111"]
[BlackElo "1848"]
[Result "0-1"]
[Round "04"]
[TimeControl "180+1"]
[Date "2023.01.10"]
[WhiteClock "0:00:04"]
[BlackClock "0:00:19"]

1. e4 c6 2. d4 d5 3. Nc3 dxe4 4. Nxe4 Nf6 5. Nxf6+ exf6 6. c3 Bd6 7. Bd3 O-O 8. Qc2 Re8+ 9. Ne2 h5 10. Be3 Nd7 11. O-O-O Nf8 12. Kb1 g6 13. c4 f5 14. g3 a5 15. h4 a4 16. Nc3 a3 17. b3 Bb4 18. Rhe1 Bd7 19. Bg5 Qa5 20. Bd2 Rxe1 21. Rxe1 Re8 22. Rxe8 Bxe8 23. Kc1 Ne6 24. d5 Nd4 25. Qd1 Bxc3 26. Be3 cxd5 27. f3 Ne6 28. g4 fxg4 29. fxg4 dxc4 30. Bxc4 Qe5 31. Qd3 Bb2+ 32. Kd1 hxg4 33. Bf2 Nf4 34. Qc2 Qd6+ 35. Ke1 Qe5+ 36. Kd1 Bc6 37. Bg3 Bf3+ 38. Be2 Bxe2+ 39. Ke1 Bd3+ 0-1


[Site "https://www.chess.com"]